 Dungeon Crawl Stone Soup version 0.29.0-4-gdea44cf6ec (console) character file.

Game seed: 11213662884690413405

3120 jejorda2 the Slicer (level 9, -9/72 HPs)
             Began as a Vine Stalker Berserker on Aug 27, 2022.
             Was a Priest of Trog.
             Mangled by a yak (11 damage)
             ... on level 7 of the Dungeon.
             The game lasted 00:24:38 (7671 turns).

jejorda2 the Slicer (Vine Stalker Berserker)        Turns: 7671, Time: 00:24:39

Health: -9/72      AC: 24    Str: 25    XL:     9   Next: 91%
Magic:  0/10       EV:  2    Int:  7    God:    Trog [***...]
Gold:   247        SH:  0    Dex: 19    Spells: 8/8 levels left

rFire   . . .      SeeInvis .   a - +1 dagger (elec)
rCold   . . .      Faith    .   (no shield)
rNeg    . . .      Spirit   +   (body armour currently unavailable)
rPois   +          Reflect  .   (helmet currently unavailable)
rElec   .          Harm     .   (cloak currently unavailable)
rCorr   .          Rampage  .   (gloves currently unavailable)
Will    +....      NoTele   +   (boots currently unavailable)
Stlth   ++........              (no amulet)
HPRegen 1.02/turn               A - +6 ring of strength
MPRegen 0.12/turn               (no ring)

@: mighty, tree-form, on berserk cooldown, slowed, very slow
A: stationary, stasis, torment immunity, boosted hp, (fangs 3), regeneration 1,
magic shield, (antimagic bite), no potion heal 2
a: Renounce Religion, Berserk, Trog's Hand


You were on level 7 of the Dungeon.
You worshipped Trog.
Trog was most pleased with you.
You were a tree.
You visited 1 branch of the dungeon, and saw 8 of its levels.

You collected 489 gold pieces.
You spent 242 gold pieces at shops.

Inventory:

Hand Weapons
 a - a +1 dagger of electrocution (weapon)
 l - a +2 dagger of protection
 D - the +2 dagger "Azuos" {vorpal, Dex+5 Stlth+}
   (You found it on level 5 of the Dungeon)

   It inflicts extra damage upon your enemies.
   Dex:       It affects your dexterity (+5).
   Stlth:     It makes you more stealthy.
Missiles
 g - 5 javelins
 h - 62 stones (quivered)
 i - 29 poisoned darts
 t - 8 boomerangs
 y - a throwing net
 C - 2 curare-tipped darts
Armour
 e - a +0 plate armour (melded)
 j - a +2 pair of gloves (melded)
Jewellery
 A - a +6 ring of strength (left branch)
Wands
 p - a wand of paralysis (4)
Scrolls
 v - a scroll of poison
 w - a scroll of fear
 z - a scroll of silence
 B - a scroll of enchant armour
 E - a scroll of identify
Potions
 b - a potion of berserk rage
 d - 3 potions of curing
 m - 2 potions of mutation
 n - a potion of resistance
 o - 2 potions of attraction
 r - 2 potions of haste
 s - 4 potions of flight


   Skills:
 - Level 6.0 Fighting
 - Level 10.0 Short Blades
 * Level 4.3 Armour
 + Level 3.3 Dodging
 - Level 2.0 Stealth


You had 8 spell levels left.
You didn't know any spells.
Your spell library was empty.

Dungeon Overview and Level Annotations

Branches:
Dungeon (8/15)             Temple (0/1) D:4
   Lair: D:8-11

Altars:
Elyvilon
Fedhas
Gozag
Kikubaaqudgha
Trog
The Shining One

Shops:
D:5 ?:?*   D:6 (

Annotations:
D:7 2 runed translucent doors, exclusion: 2 doors


Innate Abilities, Weirdness & Mutations

You are a tree.
Your roots penetrate the ground, keeping you stationary.
You cannot be teleported.
You are immune to unholy pain and torment.
Your maximum health is greatly increased.
Your equipment is partially melded.
((You have razor-sharp teeth.))
Your natural rate of healing is unusually fast.
When hurt, damage is shared between your health and your magic reserves.
((Your bite disrupts and absorbs the magic of your enemies.))
Potions cannot restore your health.


Message History

Your +2 pair of gloves melds into your body.
Your +0 plate armour melds into your body.
Your roots penetrate the ground.
You feel the effects of Trog's Hand fading.
The wight hits you with a +4 scimitar. The yak gores you but does no damage.
The wight hits you but does no damage.
You feel very mighty all of a sudden. The wight hits you but does no damage.
The yak gores you but does no damage.
The wight hits you with a +3 morningstar of freezing!
The wight freezes you.
The wight hits you but does no damage. x2
The yak gores you!
* * * LOW HITPOINT WARNING * * *
Unknown command.
You hit the wight. Lightning courses through the wight!
The wight is severely damaged.
You hit the wight.
You destroy the wight!
Trog accepts your kill. The wight hits you with a +4 scimitar.
* * * LOW HITPOINT WARNING * * *
The yak gores you.
* * * LOW HITPOINT WARNING * * *
Your life force feels restored.
You closely miss the wight. The wight hits you but does no damage.
The yak gores you.
* * * LOW HITPOINT WARNING * * *
You barely miss the wight.
Your skin stops crawling.
You feel less strong-willed. The yak gores you!
* * * LOW HITPOINT WARNING * * *
The wight hits you but does no damage.
You completely miss the wight. You hit the wight.
The wight is moderately damaged.
The wight hits you but does no damage. The yak gores you!
* * * LOW HITPOINT WARNING * * *
You puncture the wight!
The wight is almost destroyed.
The wight hits you but does no damage. The yak gores you!
You die...

####............)# #..##.#
.............###.####.###.#
.............# #.##...# #.#
.............# #.##.### #.#
.............###.##.# #.#
.....##.).[[..##.#..# #.#
~~...######.#..#...## #.#
.≈~~.# #.##.)Yz## #<#
♣~≈..# #)####♣## ### ....~#
#)# ### ♣.~#### #.# ~≈....#
#.# ≈~.~#.# #.# ~≈~##.# #.#
.~###.#####.############
.......................#
####.######.##########.#


You could see a yak and a wight.

Vanquished Creatures
  A hornet (D:7)
  A yak (D:8)
  A black bear (D:6)
  2 ogres
  2 centaurs (D:5)
  2 phantoms
  6 kobold brigands
  A bullfrog (D:7)
  A gnoll sergeant (D:7)
  A scorpion (D:5)
  A jelly (D:6)
  4 wights (D:7)
  A vampire bat (D:7)
  7 orc priests
  A gnoll bouda (D:7)
  5 hounds
  3 iguanas
  6 orc wizards
  21 gnolls
  5 adders
  2 white imps
  2 ufetubi (D:5)
  5 dart slugs
  6 worms
  18 orcs
  3 bat skeletons (D:7)
  3 bat zombies (D:7)
  3 endoplasms
  5 giant cockroaches
  7 goblins
  11 hobgoblins
  4 jackals (D:3)
  41 kobolds
  2 quokkas
  10 ball pythons
  5 bats
  4 frilled lizards
  9 rats
212 creatures vanquished.

Vanquished Creatures (collateral kills)
  2 yaks (D:8)
  A gnoll (D:4)
  2 kobolds (D:4)
5 creatures vanquished.

Grand Total: 217 creatures vanquished

Notes
Turn   | Place    | Note
-------+----------+-------------------------------------------
     0 | D:1      | jejorda2 the Vine Stalker Berserker began the quest for the
                  | Orb.
     0 | D:1      | Reached XP level 1. HP: 11/11 MP: 2/2
   466 | D:1      | Reached skill level 3 in Short Blades
   473 | D:1      | Reached XP level 2. HP: 13/16 MP: 3/3
   898 | D:1      | Reached XP level 3. HP: 20/20 MP: 4/4
  1569 | D:2      | Gained mutation: Your natural rate of healing is unusually
                  | fast. [Vine Stalker growth]
  1569 | D:2      | Reached XP level 4. HP: 17/24 MP: 5/5
  1585 | D:2      | Reached skill level 4 in Short Blades
  1761 | D:2      | Reached ** piety under Trog
  1979 | D:3      | Reached XP level 5. HP: 29/29 MP: 4/6
  2265 | D:3      | Found a faded altar of an unknown god.
  2537 | D:3      | Reached skill level 5 in Short Blades
  3127 | D:4      | Reached XP level 6. HP: 32/33 MP: 7/7
  3239 | D:4      | Found a staircase to the Ecumenical Temple.
  3665 | D:5      | Entered Level 5 of the Dungeon
  3697 | D:5      | Reached *** piety under Trog
  3698 | D:5      | Reached XP level 7. HP: 36/38 MP: 8/8
  3839 | D:5      | Reached skill level 6 in Short Blades
  3988 | D:5      | Noticed a moth of wrath
  3991 | D:5      | Found a bloodstained altar of Trog.
  4164 | D:5      | Identified the +2 dagger "Azuos" {vorpal, Dex+5 Stlth+}
  4394 | D:5      | Found a white marble altar of Elyvilon.
  4394 | D:5      | Found an opulent altar of Gozag.
  4405 | D:5      | Found Zuuw's Book Shoppe.
  4407 | D:5      | Found Ycramiqu's Assorted Antiques.
  4408 | D:5      | Found Cemy's Magic Scroll Shoppe.
  4411 | D:5      | Found Quhao's Magic Scroll Shoppe.
  4428 | D:5      | Reached skill level 5 in Fighting
  4485 | D:5      | Bought a scroll of poison for 48 gold pieces
  4485 | D:5      | Bought a scroll of fear for 48 gold pieces
  4485 | D:5      | Bought a scroll of blinking for 90 gold pieces
  4489 | D:5      | Bought a scroll labelled XEP YTHRYICSARPH for 28 gold
                  | pieces
  4489 | D:5      | Bought a scroll labelled REFOYNOTRA for 28 gold pieces
  4890 | D:6      | Reached skill level 7 in Short Blades
  4890 | D:6      | Gained mutation: You have razor-sharp teeth. [Vine Stalker
                  | growth]
  4890 | D:6      | Reached XP level 8. HP: 43/43 MP: 9/9
  5338 | D:6      | Found Taedos's Weapon Boutique.
  5424 | D:6      | Found a glowing golden altar of the Shining One.
  5486 | D:6      | Found a blossoming altar of Fedhas.
  5844 | D:7      | Reached skill level 8 in Short Blades
  6283 | D:7      | Found a runed translucent door.
  6285 | D:7      | Found a runed translucent door.
  6291 | D:7      | Reached **** piety under Trog
  6327 | D:7      | Reached skill level 9 in Short Blades
  6462 | D:7      | Reached XP level 9. HP: 48/48 MP: 10/10
  6518 | D:7      | Noticed a hornet
  6521 | D:7      | Paralysed by a hornet for 1 turns
  6523 | D:7      | Killed a hornet
  6707 | D:7      | Reached skill level 10 in Short Blades
  6833 | D:7      | Found an ancient bone altar of Kikubaaqudgha.
  7123 | D:4      | Reached skill level 1 in Stealth
  7670 | D:7      | HP: 2/72 [yak (6)]
  7671 | D:7      | Mangled by a yak

Illustrated notes

Levels and vault maps discovered:
D:1:      dpeg_arrival_concentric_ovals, layout_basic
D:2:      layout_basic, minmay_misc_feat_x, st_stairs_11,
          corexii_leaking_fountain, minmay_pentomino_s4
D:3:      layout_loops_corners, hellmonk_ecumenical_altar_dog_temple
D:4:      minmay_goblin_kobold_castle, layout_basic,
          minmay_temple_entry_sparse_star
D:5:      layout_basic, tgw_trog, nicolae_overflow_two_pavilions,
          minmay_shop_grid_forest
D:6:      layout_gridville, tso_altar, kennysheep_mini, serial_shops, shop
D:7:      lemuel_insect_pit, layout_basic, kennysheep_vampire_church,
          serial_rivers, chequers_serial_rivers_small_3,
          chequers_serial_rivers_marsh, chequers_serial_rivers_micro_c,
          chequers_serial_rivers_room_b
D:8:      layout_gridville, cheibriados_altar_1, enter_bailey_2,
          nicolae_hexahallways, uniq_gastronok

Skill      XL: |  1  2  3  4  5  6  7  8  9 |
---------------+----------------------------+-----
Short Blades   | 3 4 5 7 9 10 | 10.0
Fighting       | 3 4 5 6 |  6.0
Stealth        | 2 |  2.0
Armour         | 4 |  4.3
Dodging        | 3 |  3.3

Action                   |  1- 3 |  4- 6 |  7- 9 || total
-------------------------+-------+-------+-------++-------
Melee: Dagger            |   121 |   182 |   389 ||   692
       Bite              |    30 |    59 |   131 ||   220
       Punch             |     1 |     8 |     4 ||    13
Throw: Stone             |       |    14 |     6 ||    20
Invok: Berserk           |     2 |     2 |    10 ||    14
       Trog's Hand       |       |     1 |     2 ||     3
       Brothers in Arms  |       |       |     3 ||     3
  Use: Scroll            |       |       |    21 ||    21
       Potion            |       |       |     2 ||     2
 Stab: Distracted        |       |       |     2 ||     2
Armor: Animal skin       |     9 |       |       ||     9
       Plate armour      |    37 |    86 |   186 ||   309
       Skin              |       |       |    10 ||    10
Dodge: Dodged            |    29 |    39 |   101 ||   169
